 Dungeon Crawl Stone Soup version 0.21.1-1-g345015f (webtiles) character file.

76 lotte the Magician (level 4, -9/24 HPs)
             Began as a Deep Elf Ice Elementalist on July 4, 2018.
             Was an Initiate of Sif Muna.
             Mangled by Sigmund
             ... wielding a +0 scythe
              (10 damage)
             ... on level 2 of the Dungeon.
             The game lasted 00:10:57 (2289 turns).

lotte the Magician (Deep Elf Ice Elementalist)      Turns: 2289, Time: 00:10:59

Health: -9/24      AC:  9    Str:  5    XL:     4   Next: 12%
Magic:  9/12       EV: 13    Int: 21    God:    Sif Muna [......]
Gold:   119        SH:  0    Dex: 15    Spells: 7/11 levels left

rFire    + . .     SeeInvis .   f - +3 whip (pain)
rCold    . . .     Gourm    .   (no shield)
rNeg     . . .     Faith    .   a - +1 robe
rPois    +         Spirit   .   (no helmet)
rElec    .         Reflect  .   (no cloak)
rCorr    .         Harm     .   (no gloves)
MR       .....                  (no boots)
Stlth    +.........             (no amulet)
HPRegen  0.08/turn              l - ring of protection from fire
MPRegen  0.13/turn              e - ring of poison resistance

@: confused, icy armour, slow
A: no striking features
a: Renounce Religion


You were on level 2 of the Dungeon.
You worshipped Sif Muna.
Sif Muna was noncommittal.
You were very hungry.

You visited 1 branch of the dungeon, and saw 2 of its levels.

You collected 119 gold pieces.

Inventory:

Hand Weapons
 f - a +3 whip of pain (weapon)
Armour
 a - a +1 robe (worn)
Jewellery
 e - a ring of poison resistance (right hand)
 l - a ring of protection from fire (left hand)
Scrolls
 d - 3 scrolls of amnesia {unknown}
 i - 3 scrolls of identify {unknown}
 n - a scroll of blinking
Potions
 j - 2 potions of might {unknown}
 k - 2 potions of haste {unknown}
 m - a potion of degeneration {unknown}
Books
 b - a book of Frost

   Spells                             Type                      Level
   a - Freeze                         Ice                          1
   b - Throw Frost                    Conjuration/Ice              2
   c - Ozocubu's Armour               Charms/Ice                   3
   d - Throw Icicle                   Conjuration/Ice              4
   e - Summon Ice Beast               Ice/Summoning                4
Comestibles
 c - 6 rations


   Skills:
 + Level 3.2 Dodging
 - Level 2.4 Stealth
 * Level 4.4 Spellcasting
   Level 1.1 Conjurations
 * Level 4.3 Ice Magic


You had 7 spell levels left.
You knew the following spells:

 Your Spells              Type           Power        Failure   Level  Hunger
a - Freeze                Ice            ###.         1%          1    None
b - Ozocubu's Armour      Chrm/Ice       ##......     14%         3    ##.....


Dungeon Overview and Level Annotations

Branches:
Dungeon (2/15)

Altars:
Sif Muna

Annotations:
D:2 Sigmund


Message History

Your icy armour starts to melt.
Something barely misses you.
You feel less confused.
You hear some strange, mumbled words.
A puff of flame appears from out of thin air!
The puff of flame hits you!
Your icy armour melts away.
You resist.
* * * LOW HITPOINT WARNING * * *
Something barely misses you.
Casting: Ozocubu's Armour
Confirm with . or Enter, or press ? or * to list all spells.
A film of ice covers your body!
You hear some strange, mumbled words.
You are confused.
Something hits you.
* * * LOW HITPOINT WARNING * * *
Unknown command.
You bump into the rock wall.
Something hits you!
You die...

........##.##.# .#
..##...#.#....#.#[#
..##..#.....##...
#...$#.....>. ..
.#..#.....####..
..##..##..##.. ##
..##..##.###.# .#
.#..#....###.#####.#
#....#........{.@..#
..##..#...##########
..##...#..#
........#.#
######....# ######


There were no monsters in sight!

Vanquished Creatures
  3 adders (D:2)
  A dart slug (D:1)
  3 leopard geckos
  4 bats
  A giant cockroach (D:2)
  7 goblins
  7 hobgoblins
  A ball python (D:2)
  4 frilled lizards
  6 kobolds
  9 rats
46 creatures vanquished.

Notes
Turn   | Place    | Note
-------+----------+-------------------------------------------
     0 | D:1      | lotte the Deep Elf Ice Elementalist began the quest for the Orb.
     0 | D:1      | Reached XP level 1. HP: 10/10 MP: 6/6
   196 | D:1      | Reached XP level 2. HP: 15/15 MP: 6/8
   795 | D:1      | Reached XP level 3. HP: 18/19 MP: 7/10
  1325 | D:2      | Found a deep blue altar of Sif Muna.
  1328 | D:2      | Became a worshipper of Sif Muna the Loreminder
  1564 | D:2      | Noticed Sigmund
  1883 | D:1      | Learned a level 3 spell: Ozocubu's Armour
  2015 | D:2      | Reached XP level 4. HP: 24/24 MP: 4/12
  2261 | D:2      | HP: 1/24 [something (12)]
  2288 | D:2      | HP: 1/24 [something (6)]
  2289 | D:2      | Mangled by Sigmund

Skill      XL: |  1  2  3 |
---------------+----------+-----
Dodging        | 3 |  3.2
Spellcasting   | 4 |  4.4
Ice Magic      | 4 |  4.3
Stealth        | |  2.4
Conjurations   | |  1.1

Action                   |  1- 3 |  4- 6 || total
-------------------------+-------+-------++-------
Melee: Whip              |     2 |       ||     2
 Cast: Freeze            |    63 |     2 ||    65
       Ozocubu's Armour  |       |     2 ||     2
  Use: Scroll            |     3 |       ||     3
       Potion            |     1 |     1 ||     2
  Eat: Chunk             |     2 |     1 ||     3
Armor: Robe              |    11 |     4 ||    15
Dodge: Dodged            |    48 |     4 ||    52
